 Dungeon Crawl Stone Soup version 0.16.0-12-g7215832 (webtiles) character file.

3327 Ololoev the Cleaver (level 9, 0/74 HPs)
             Began as a Deep Dwarf Berserker on Mar 18, 2015.
             Was an Elder of Trog.
             Killed from afar by Erica (12 damage)
             ... with a wand of fire
             ... on level 1 of the Lair of Beasts.
             The game lasted 00:18:15 (1864 turns).

Ololoev the Cleaver (Deep Dwarf Berserker)          Turns: 1864, Time: 00:18:15

Health: 0/74       AC: 15    Str: 24    XL:     9   Next: 71%
Magic:  6/6        EV:  8    Int:  8    God:    Trog [****..]
Gold:   99         SH:  0    Dex: 12    Spells: 0 memorised, 8 levels left

rFire  . . .     SeeInvis .     a - +1 hand axe
rCold  . . .     Clarity  .     g - +1 plate armour
rNeg   . . .     SustAb   .     (no shield)
rPois  .         Gourm    .     (no helmet)
rElec  .         Spirit   .     (no cloak)
rCorr  .         Warding  .     (no gloves)
rMut   .         Stasis   .     (no boots)
MR     ++...                    (no amulet)
Stlth  ..........               (no ring)
                                h - ring of protection from magic

@: non-regenerating, very resistant to hostile enchantments, extremely
unstealthy
A: damage resistance, recharge devices, sense surroundings 2, slow healing 3
a: Device Recharging, Burn Spellbooks, Berserk, Trog's Hand, Brothers in Arms,
Renounce Religion


You were on level 1 of the Lair of Beasts.
You worshipped Trog.
Trog was greatly pleased with you.
You were not hungry.

You visited 2 branches of the dungeon, and saw 9 of its levels.
You also visited: Ossuary.

You collected 143 gold pieces.
You spent 44 gold pieces at shops.

Notes
Turn   | Place    | Note
--------------------------------------------------------------
     0 | D:1      | Ololoev, the Deep Dwarf Berserker, began the quest for the Orb.
     0 | D:1      | Reached XP level 1. HP: 20/20 MP: 1/1
   175 | D:3      | Noticed Jessica
   179 | D:3      | Reached XP level 2. HP: 27/27 MP: 2/2
   182 | D:3      | Killed Jessica
   182 | D:3      | Reached skill level 4 in Axes
   244 | D:4      | Reached XP level 3. HP: 26/33 MP: 3/3
   286 | D:4      | Found a burning altar of Makhleb.
   290 | D:4      | Noticed a phantom
   314 | D:4      | Killed a phantom
   314 | D:4      | Reached skill level 5 in Axes
   314 | D:4      | Reached XP level 4. HP: 26/40 MP: 4/4
   357 | D:4      | Found a staircase to the Ecumenical Temple.
   386 | D:4      | Acquired Trog's second power
   440 | D:5      | Entered Level 5 of the Dungeon
   440 | D:5      | Found a bloodstained altar of Trog.
   479 | D:5      | Reached XP level 5. HP: 35/46 MP: 5/5
   521 | D:5      | Noticed a centaur
   529 | D:5      | Killed a centaur
   532 | D:5      | Reached skill level 6 in Axes
   540 | D:5      | Reached XP level 6. HP: 55/55 MP: 6/6
   580 | D:5      | Found a sparkling altar of Nemelex Xobeh.
   580 | D:5      | Found a shattered altar of Ashenzari.
   646 | D:6      | Found Lylics' Distillery.
   648 | D:6      | Bought a potion of might for 44 gold pieces
   915 | D:7      | Reached skill level 7 in Axes
   915 | D:7      | Reached skill level 5 in Armour
  1005 | D:7      | Found a sand-covered staircase.
  1014 | Ossuary  | Entered an ossuary
  1022 | Ossuary  | Reached XP level 7. HP: 46/61 MP: 7/7
  1200 | D:7      | You fall through a shaft!
  1226 | D:8      | Noticed Joseph
  1234 | D:8      | Killed Joseph
  1234 | D:8      | Reached skill level 8 in Axes
  1240 | D:8      | Reached XP level 8. HP: 22/68 MP: 8/8
  1280 | D:8      | Reached skill level 9 in Axes
  1328 | D:8      | Found an iron altar of Okawaru.
  1370 | D:8      | Noticed a hill giant
  1383 | D:8      | Killed a hill giant
  1383 | D:8      | Reached skill level 10 in Axes
  1433 | D:8      | Noticed Grum
  1444 | D:8      | Killed Grum
  1444 | D:8      | Gained mutation: You passively map the area around you. [level up]
  1444 | D:8      | Reached XP level 9. HP: 46/74 MP: 8/8
  1444 | D:8      | Reached skill level 11 in Axes
  1490 | D:8      | Found a staircase to the Lair.
  1499 | D:8      | Noticed a two-headed ogre
  1509 | D:8      | Killed a two-headed ogre
  1531 | Lair:1   | Entered Level 1 of the Lair of Beasts
  1642 | Lair:1   | Reached skill level 12 in Axes
  1691 | Lair:1   | Acquired Trog's third power
  1860 | Lair:1   | Noticed Erica
  1864 | Lair:1   | Killed from afar by Erica

Inventory:

Hand weapons
 a - a +1 hand axe (weapon)
Armour
 g - a +1 plate armour (worn)
Jewellery
 h - a ring of protection from magic (left hand)
Magical devices
 c - a wand of heal wounds (6)
 t - a wand of paralysis (0)
Scrolls
 i - a scroll of enchant weapon
 l - 5 scrolls of remove curse
 o - 2 scrolls of fear
 p - a scroll of teleportation
Potions
 b - a potion of poison {unknown}
 e - 2 potions of curing
 j - a potion of haste
 m - a potion of might
 n - 3 potions of heal wounds
 r - 2 potions of berserk rage {unknown}
Miscellaneous
 q - a fan of gales
Comestibles
 d - 2 bread rations
 f - a beef jerky
 k - 4 chunks of flesh

Table legend:
 A = Turns spent in this place as a percentage of turns spent in the entire game.
 B = Non-inter-level travel turns spent in this place as a percentage of non-inter-level travel turns spent in the entire game.
 C = Inter-level travel turns spent in this place as a percentage of turns spent in this place.
 D = Turns resting spent in this place as a percentage of non-inter-level travel turns spent in this place.
 E = Turns spent auto-exploring this place as a percentage of non-inter-level travel turns spent in this place.
 F = Non-inter-level travel turns spent in this place divided by the number of levels of this place that you've seen.
                   A       B       C       D       E      F
               +-------+-------+-------+-------+-------+----------------------
         Total | 100.0 | 100.0 |   0.1 |   1.1 |   0.1 | 163.4
       Dungeon |  71.0 |  70.9 |   0.2 |   1.2 |   0.1 | 144.9
          Lair |  19.0 |  19.0 |   0.0 |   1.3 |   0.0 | 311.0
       Ossuary |  10.0 |  10.0 |   0.0 |   0.0 |   0.0 | 164.0
               +-------+-------+-------+-------+-------+----------------------


   Skills:
 - Level 2.6 Fighting
 * Level 12.4 Axes
 + Level 9.1 Armour
 - Level 2.1 Dodging


You had 8 spell levels left.
You didn't know any spells.

Dungeon Overview and Level Annotations

Branches:
Dungeon (8/15)             Temple (0/1) D:4            Lair (1/8) D:8

Altars:
Ashenzari
Makhleb
Nemelex Xobeh
Okawaru
Trog

Shops:
D:6 !

Annotations:
Lair:1 Erica


Innate Abilities, Weirdness & Mutations

You are resistant to damage.
You can recharge devices by infusing magical energy.
You passively map the area around you.
You do not heal naturally.


Message History

q - a fan of gales You see here a water moccasin corpse.
You offer a prayer to Trog.
The water moccasin corpse is consumed in a column of flame.
Trog is greatly pleased with you.
You hear the urgent ticking of a clock nearby.
Found 14 arrows of dispersal.
A crocodile comes into view.
The crocodile bites you.
Your plate armour prevents you from hitting the crocodile.
You hit the fungus!
The fungus is lightly damaged.
You hit the crocodile!
The crocodile is moderately wounded.
You hit the fungus!
The fungus is moderately damaged.
The crocodile barely misses you.
You slash the crocodile!!
The crocodile is almost dead.
You hit the fungus.
The fungus is heavily damaged.
The crocodile bites you but does no damage.
You hit the crocodile.
You kill the crocodile!
Trog accepts your kill.
You hit the fungus.
The fungus is severely damaged.
Erica the Fiery-Tempered comes into view.
She is wielding a scimitar of flaming.
Erica shouts!
Erica casts a spell at you. The orb of energy misses you.
The orb of energy hits the fungus.
Erica zaps a wand.
The bolt of fire hits you!
It is a wand of fire.
Erica mumbles some strange words.
Erica flickers and vanishes!
Deactivating autopickup; reactivate with Ctrl-A.
You barely miss something. You hit something but do no damage.
You hear a zap.
The bolt of fire hits you!
You die...

** #.P##.# #..≈
#.##..# ##≈. *,,
#.....# ##.
*#.#...## #. **
##.#####.## .. #,*
###.#* ##.## * ..
####P#.## ##(.# #.#
# #.......# #P..####
#..###.* ##.####@#
##....#.# ...(..##
#.# #.{#
#.......#####
...#...####.#
#.....#...........
....#.##P#..##
##.#..#.....#P####
#..........P##*
...###...#### #.
#P##.............#.#
##### ###
####.#####P.##.....
#..
###.P..#P######.(##
# ##. #..........#
#.## #.


There were no monsters in sight!

Table legend:
 A = Kills in this place as a percentage of kills in entire the game.
 B = Kills by you in this place as a percentage of kills by you in the entire game.
 C = Kills by friends in this place as a percentage of kills by friends in the entire game.
 D = Other kills in this place as a percentage of other kills in the entire game.
 E = Experience gained in this place as a percentage of experience gained in the entire game.
 F = Experience gained in this place divided by the number of levels of this place that you have seen.
                   A       B       C       D       E      F
               +-------+-------+-------+-------+-------+----------------------
         Total | 100.0 | 100.0 |  -nan |  -nan | 100.0 | 475.3
       Dungeon |  65.3 |  65.3 |  -nan |  -nan |  70.8 | 420.8
          Lair |  18.4 |  18.4 |  -nan |  -nan |  26.5 | 1261.0
       Ossuary |  16.3 |  16.3 |  -nan |  -nan |   2.7 | 126.0
               +-------+-------+-------+-------+-------+----------------------

Vanquished Creatures
  A hill giant (D:8)
  Joseph (D:8)
  A two-headed ogre (D:8)
  3 yaks (Lair:1)
  A hippogriff (D:8)
  Grum (D:8)
  2 wolves (D:8)
  A water moccasin (Lair:1)
  A sky beast (D:8)
  2 ogres (D:8)
  2 crocodiles (Lair:1)
  A centaur (D:5)
  A phantom (D:4)
  A big kobold (D:8)
  2 giant frogs
  A crimson imp (D:7)
  A jelly (D:7)
  3 hounds
  2 orc wizards (D:5)
  2 iguanas (Lair:1)
  A worker ant (D:5)
  Jessica (D:3)
  2 hound zombies (Ossuary)
  4 mummies (Ossuary)
  6 river rats (Lair:1)
  4 adders
  2 shadow imps
  An adder zombie (Ossuary)
  A giant gecko (D:3)
  3 orcs
  A ball python (D:4)
  A giant cockroach (D:4)
  2 gnoll zombies (Ossuary)
  3 goblins
  7 hobgoblins
  3 jackals (D:7)
  8 kobolds
  3 quokkas
  5 bats
  A giant newt (D:5)
  2 goblin zombies
  A hobgoblin zombie (Ossuary)
  2 jackal zombies (Ossuary)
  A kobold zombie (Ossuary)
  An orc zombie (Ossuary)
  2 rat zombies
  A fungus (Lair:1)
99 creatures vanquished.

Action                   |  1- 3 |  4- 6 |  7- 9 || total
-------------------------+-------+-------+-------++-------
Melee: Hand axe          |    31 |   112 |   190 ||   333
Invok: Berserk           |     1 |     2 |     5 ||     8
       Trog's Hand       |       |       |     1 ||     1
 Abil: Device Recharging |       |       |     3 ||     3
Evoke: Wand              |       |     1 |    14 ||    15
  Use: Scroll            |     1 |     1 |     9 ||    11
 Stab: Paralysed         |       |       |    13 ||    13
  Eat: Bread ration      |       |     1 |     2 ||     3

Vault maps used:
D:1:      lemuel_arrival_broad_hall, minmay_close_crescents
D:2:      lemuel_round_altar, first_bread, minivault_27
D:3:      cheibrodos_gnoll_hut, uniq_jessica
D:4:      lemuel_doored_altar, temple_statues, serial_shops, shop,
          lemuel_angel_altar
D:5:      overflow_temple_1_default, gammafunk_temple_overflow_elements
D:6:      grunt_dithmenos_shadows, serial_shops, shop
D:7:      black_bear_nest_2, kennysheep_mini, kennysheep_little_box,
          enter_ossuary_4, minmay_fire_ice_demons
D:8:      old_standard_altar, lair_0_dummy, uniq_joseph, uniq_edmund,
          uniq_psyche, uniq_grum
Lair:1:   lab_entry_generic, infiniplex_staircase_pool_2, uniq_erica
Ossuary:  ossuary_minmay_tomb_2a
